 Dungeon Crawl Stone Soup version 0.18-a0-801-gb01a236 (webtiles) character file.

26578 JokEr the Brawler (level 13, -22/130 HPs)
             Began as a Ghoul Monk on Dec 14, 2015.
             Was a High Priest of Ru.
             Annihilated by an acid blob (36 damage)
             ... on level 8 of the Lair of Beasts.
             The game lasted 01:15:09 (28763 turns).

JokEr the Brawler (Ghoul Monk)                     Turns: 28763, Time: 01:15:10

Health: -22/130    AC:  4    Str: 20    XL:     13   Next: 26%
Magic:  12/12      EV:  9    Int:  5    God:    Ru [*****.]
Gold:   1209       SH:  0    Dex: 11    Spells: 0 memorised, 12 levels left

rFire  . . .     SeeInvis .       - Unarmed
rCold  + + +     Clarity  .     x - +0 plate armour
rNeg   + + +     SustAt   .     (shield unavailable)
rPois  ∞         Gourm    .     D - +0 helmet
rElec  .         Spirit   .     (no cloak)
rCorr  .         Dismiss  .     (no gloves)
rMut   .         Stasis   .     K - +1 pair of boots {run}
MR     .....                    Q - amulet of rage
Stlth  ..........               P - ring "Wantulaz" {Wiz rC++ rN+}
                                (ring unavailable)

@: exhausted, corroded equipment, rotting, hasted, drained, very quick, not
resistant to hostile enchantments, extremely unstealthy
A: rotting body, claws 1, carnivore 3, cold resistance 1, negative energy
resistance 3, slow regeneration 1, torment resistance, unbreathing, missing a
hand, hated by all, no air magic, no necromancy magic, no summoning magic,
inexperienced 1
a: Draw Out Power, Power Leap, Apocalypse, Renounce Religion


You were on level 8 of the Lair of Beasts.
You worshipped Ru.
Ru was extremely pleased with you.
You were not hungry.

You visited 3 branches of the dungeon, and saw 19 of its levels.
You also visited: Ice Cave.

You collected 1209 gold pieces.

Inventory:

Armour
 x - a +0 plate armour (worn)
 C - the +8 chain mail of Ziunt {rF- Regen+ MP-9 Int+9}
   (You found it in an ice cave)

   It affects your intelligence (+9).
   It makes you vulnerable to fire.
   It affects your magic capacity (-9).
   It increases your rate of regeneration.
 D - a +0 helmet (worn)
 K - a +1 pair of boots of running (worn)
Jewellery
 k - an uncursed ring of ice
 p - an uncursed ring of positive energy {unknown}
 r - a +4 ring of strength {unknown}
 w - an uncursed ring of flight
 P - the ring "Wantulaz" (right claw) {Wiz rC++ rN+}
   (You found it on level 1 of the Lair of Beasts)

   [ring of wizardry]

   It improves your spell success rate.
   It greatly protects you from cold.
   It protects you from negative energy.
 Q - an amulet of rage (around neck)
Wands
 e - a wand of frost (5)
 v - a wand of hasting (3)
 y - a wand of polymorph (6)
 E - a wand of digging (1)
 H - a wand of enslavement (9)
 I - a wand of magic darts (15)
 J - a wand of fire (7)
 L - a wand of magic darts (31)
Scrolls
 a - 2 scrolls of fear
 c - 5 scrolls of amnesia
 f - 4 scrolls of enchant armour
 g - 13 scrolls of remove curse
 h - 4 scrolls of identify
 l - 2 scrolls of recharging
 q - a scroll of magic mapping
 s - 4 scrolls of teleportation
 A - a scroll of silence
 B - a scroll of torment {unknown}
 G - 6 scrolls of fog
Potions
 d - a potion of resistance
 j - 2 potions of magic
 t - a potion of might
 u - a potion of brilliance
 z - a potion of agility
 F - a potion of invisibility
Books
 N - a book of Enchantments

   Spells                             Type                      Level
   a - Cause Fear                     Hexes                        4
   b - Yara's Violent Unravelling     Hexes/Transmutation          5
   c - Silence                        Hexes/Air                    5
   d - Deflect Missiles               Charms/Air                   6
   e - Haste                          Charms                       6
   f - Discord                        Hexes                        8
Comestibles
 b - 6 meat rations
 m - 7 slices of pizza
 n - 11 beef jerkies
 o - 2 royal jellies


   Skills:
 - Level 16.8(16.4) Fighting
 + Level 7.4(7.0) Armour
 - Level 9.1(8.7) Dodging
 - Level 2.1(1.8) Stealth
 - Level 17.0(16.5) Unarmed Combat


You had 12 spell levels left.
You didn't know any spells.

Dungeon Overview and Level Annotations

Branches:
Dungeon (10/15)            Temple (1/1) D:6            Lair (8/8) D:10
 Shoals (0/4) Lair:6        Snake (0/4) Lair:5        Slime (0/6) Lair:8
    Orc: D:9-12

Altars:
Ashenzari
Cheibriados
Dithmenos
Elyvilon
Fedhas
Gozag
Kikubaaqudgha
Makhleb
Nemelex Xobeh
Okawaru
Pakellas
Qazlal
Ru
Sif Muna
Trog
Vehumet
Xom
Yredelemnul
Zin
The Shining One
Jiyva
Lugonu

Shops:
D:8 }   D:9 (

Annotations:
Lair:6 exclusion: 5 oklob plants


Innate Abilities, Weirdness & Mutations

Your body is rotting away.
You thrive on raw meat.
You are immune to poison.
You have sharp fingernails.
You are carnivorous and can eat meat at any time.
Your flesh is cold resistant.
You are immune to negative energy.
You regenerate slowly when monsters are visible.
You are immune to unholy pain and torment.
You can survive without breathing.
You are missing a hand.
You are hated by all.
You cannot study or cast Air magic.
You cannot study or cast Necromancy magic.
You cannot study or cast Summoning magic.
You are somewhat inexperienced (-2 XL).


Message History

You focus your will and illuminate the acid blob in retribution!
You mangle the acid blob!!
Your claw burns!
The acid blob is moderately wounded.
The acid blob begins to attack, but is stunned by your will!
You claw the acid blob!
Your claw burns!
The acid blob is heavily wounded.
The acid blob spits acid at you. The splash of acid misses you.
You mangle the acid blob!!
Your claw burns!
The acid blob is severely wounded.
The acid blob hits you!!
* * * LOW HITPOINT WARNING * * *
You are splashed with acid!
The acid corrodes you!
The acid burns!
* * * LOW HITPOINT WARNING * * *
You focus your will and illuminate the acid blob in retribution!
Read which item? (? for menu, Esc to quit)
Okay, then.
Drink which item? (? for menu, Esc to quit)
You feel yourself speed up. The acid blob hits you!!!
You die...

♣P.PPP##................P....
##PPP##......................
#######.#...................
###...................
#...........#...#....†
#...................#
#...P#..........P...#
#...P#####......PP.##
##P.@#...#.....P#####
#...JJ.>#.....## #
#P...#...#....## #
###.######.....# ## ###
###...### #. #......P####.
#.#........#. ##.#..###..##
#.###P# #####


You could see an acid blob and a slime creature.

Vanquished Creatures
  An acid blob (Lair:8)
  2 azure jellies (Lair:8)
  2 death oozes (Lair:8)
  The ghost of braks the Grappler, a journeyman TrWz of Kikubaaqudgha (Lair:1)
  Josephine (Lair:4)
  2 great orbs of eyes (Lair:8)
  A naga warrior (Lair:5)
  5 hydras
  4 death yaks (Lair:7)
  An unseen horror (D:10)
  A necromancer (IceCv)
  A deep elf mage (D:10)
  An oklob plant (Lair:6)
  A griffon (Lair:7)
  4 black mambas
  4 ice statues (IceCv)
  13 spiny frogs
  5 komodo dragons
  2 spriggan druids (Lair:8)
  5 fire drakes
  8 ice devils (IceCv)
  4 polar bears (Lair:8)
  Grinder (D:6)
  13 blink frogs
  A boulder beetle (Lair:8)
  Sigmund (D:4)
  8 redbacks (Lair:8)
  A snapping turtle (Lair:6)
  5 wraiths
  6 spriggans (Lair:8)
  2 basilisks
  11 hippogriffs
  22 yaks
  A steam dragon (D:9)
  2 hungry ghosts
  Edmund (D:4)
  31 wolves
  19 water moccasins
  2 nagas (Lair:5)
  3 orc warriors
  2 phantoms
  3 sky beasts
  7 porcupines
  4 wasps
  8 black bears
  An ice beast (D:6)
  13 crocodiles
  3 centaurs
  9 necrophages
  10 ogres
  A big kobold (D:10)
  2 gnoll sergeants
  22 giant frogs
  3 scorpions
  A wyvern skeleton (D:10)
  16 killer bees
  An electric eel (Lair:6)
  A draconian simulacrum (IceCv)
  8 crimson imps
  A centaur zombie (D:8)
  9 jellies
  4 orc priests
  9 wights (D:6)
  3 hounds
  A centaur skeleton (D:4)
  3 orc wizards
  5 worker ants
  12 iguanas
  2 troll simulacra (IceCv)
  30 sheep
  A centaur simulacrum (IceCv)
  2 hound skeletons (D:6)
  3 worker ant zombies
  12 gnolls
  2 ogre simulacra (IceCv)
  14 adders
  52 river rats
  3 shadow imps
  4 naga simulacra (IceCv)
  12 white imps (Lair:4)
  8 oozes
  An adder skeleton (D:10)
  5 worms
  10 giant geckos
  23 orcs
  A ball python (D:1)
  6 bats
  5 giant cockroaches
  7 hobgoblins
  20 kobolds
  A giant gecko skeleton (D:7)
  A giant gecko zombie (D:5)
  8 giant newts
  8 goblins
  4 jackals (D:3)
  A jackal skeleton (D:5)
  4 quokkas
  10 rats
  A plant (Lair:8)
622 creatures vanquished.

Vanquished Creatures (others)
  A hippogriff (Lair:6)
  A naga (Lair:5)
  A porcupine (Lair:5)
  10 fungi (Lair:8)
  10 plants
23 creatures vanquished.

Grand Total: 645 creatures vanquished

Notes
Turn   | Place    | Note
--------------------------------------------------------------
     0 | D:1      | JokEr the Ghoul Monk began the quest for the Orb.
     0 | D:1      | Reached XP level 1. HP: 19/19 MP: 0/0
   131 | D:1      | Reached XP level 2. HP: 10/26 MP: 1/1
   690 | D:1      | Reached XP level 3. HP: 19/31 MP: 2/2
  1292 | D:2      | Found a stormy altar of Qazlal.
  1688 | D:2      | Reached XP level 4. HP: 36/36 MP: 3/3
  1707 | D:2      | Reached skill level 5 in Unarmed Combat
  2049 | D:3      | Found a deep blue altar of Sif Muna.
  2195 | D:3      | Found a shadowy altar of Dithmenos.
  2596 | D:3      | Noticed a giant frog
  2608 | D:3      | Killed a giant frog
  2608 | D:3      | Reached XP level 5. HP: 11/46 MP: 4/4
  3466 | D:4      | Noticed a phantom
  3761 | D:4      | Killed a phantom
  3761 | D:4      | Reached skill level 5 in Fighting
  3761 | D:4      | Reached XP level 6. HP: 47/56 MP: 5/5
  4556 | D:4      | Reached skill level 6 in Unarmed Combat
  4556 | D:4      | Reached XP level 7. HP: 32/61 MP: 6/6
  4800 | D:4      | Noticed Sigmund
  4811 | D:4      | Killed Sigmund
  4844 | D:4      | Noticed Edmund
  4862 | D:4      | Killed Edmund
  4862 | D:4      | Reached skill level 5 in Dodging
  5381 | D:5      | Entered Level 5 of the Dungeon
  5495 | D:5      | Reached skill level 7 in Unarmed Combat
  5504 | D:5      | Reached XP level 8. HP: 50/67 MP: 7/7
  6798 | D:6      | Found a staircase to the Ecumenical Temple.
  6804 | Temple   | Entered the Ecumenical Temple
  6844 | Temple   | Became a worshipper of Ru the Awakened
  6951 | D:6      | Reached skill level 8 in Unarmed Combat
  7463 | D:6      | Reached XP level 9. HP: 48/73 MP: 8/8
  7482 | D:6      | Reached skill level 9 in Unarmed Combat
  7786 | D:6      | Found a burning altar of Makhleb.
  7910 | D:6      | Noticed Grinder
  7918 | D:6      | Paralysed by Grinder for 4 turns
  7926 | D:6      | Killed Grinder
  8499 | D:7      | Reached skill level 10 in Unarmed Combat
  8966 | D:7      | Reached skill level 10 in Fighting
  9521 | D:8      | Found an iron altar of Okawaru.
  9582 | D:8      | Found an oddly glowing altar of Pakellas.
  9639 | D:8      | Reached XP level 10. HP: 93/93 MP: 9/9
  9722 | D:8      | Found a sparkling altar of Nemelex Xobeh.
  9725 | D:8      | Found a glowing silver altar of Zin.
  9728 | D:8      | Found a shattered altar of Ashenzari.
 10144 | D:7      | Reached skill level 11 in Unarmed Combat
 10572 | D:8      | Found a glowing golden altar of the Shining One.
 10732 | D:8      | Found Viurr's Gadget Shoppe.
 11109 | D:9      | Found a basalt altar of Yredelemnul.
 11113 | D:9      | Found Bioc's Weapon Shoppe.
 12105 | D:9      | Found a blossoming altar of Fedhas.
 12139 | D:9      | Found a white marble altar of Elyvilon.
 12149 | D:9      | Reached skill level 12 in Unarmed Combat
 12475 | D:10     | Entered Level 10 of the Dungeon
 12531 | D:10     | Found a staircase to the Lair.
 12821 | D:10     | HP: 2/97 [something (5)]
 13591 | D:9      | Reached XP level 11. HP: 66/102 MP: 10/10
 13773 | D:10     | Noticed a deep elf mage
 13793 | D:10     | Killed a deep elf mage
 14388 | D:10     | Killed an unseen horror
 14388 | D:10     | Reached skill level 13 in Unarmed Combat
 14577 | Lair:1   | Entered Level 1 of the Lair of Beasts
 14727 | Lair:1   | Noticed braks's ghost (journeyman TrWz)
 15554 | Lair:1   | HP: 2/107 [braks's ghost (21)]
 15991 | Lair:1   | Killed braks's ghost
 16519 | Lair:1   | Got a clouded amber ring
 16926 | Lair:1   | Noticed a four-headed hydra
 16937 | Lair:1   | Killed a four-headed hydra
 16937 | Lair:1   | Reached skill level 1 in Armour
 17098 | Lair:1   | Reached skill level 14 in Unarmed Combat
 17369 | Lair:1   | Identified the ring "Wantulaz" {Wiz rC++ rN+} (You found it on level 1 of the Lair of Beasts)
 17644 | Lair:2   | Gained mutation: You are missing a hand. [Ru sacrifice]
 17644 | Lair:2   | Reached * piety under Ru
 17644 | Lair:2   | Reached ** piety under Ru
 17644 | Lair:2   | Reached *** piety under Ru
 17662 | Lair:2   | Reached XP level 12. HP: 108/116 MP: 11/11
 19511 | Lair:3   | Got a bloodstained scale mail
 19522 | Lair:3   | Identified the cursed +1 scale mail "Rookas" {rElec} (You found it on level 3 of the Lair of Beasts)
 19617 | Lair:3   | Identified a +1 pair of boots of running (You found it on level 3 of the Lair of Beasts)
 19641 | Lair:3   | Found an oddly glowing altar of Pakellas.
 20142 | Lair:3   | Gained mutation: You cannot study or cast Air magic. [Ru sacrifice]
 20142 | Lair:3   | Gained mutation: You cannot study or cast Necromancy magic. [Ru sacrifice]
 20142 | Lair:3   | Gained mutation: You cannot study or cast Summoning magic. [Ru sacrifice]
 20142 | Lair:3   | Reached **** piety under Ru
 20431 | Lair:4   | Noticed a seven-headed hydra
 20442 | Lair:3   | Killed a seven-headed hydra
 20608 | Lair:4   | Found a frozen archway.
 20619 | IceCv    | Entered an ice cave
 20670 | IceCv    | Reached skill level 5 in Armour
 21184 | IceCv    | Reached skill level 15 in Unarmed Combat
 21199 | IceCv    | Got an ancient chain mail
 21210 | IceCv    | Identified the +8 chain mail of Ziunt {rF- Regen+ MP-9 Int+9} (You found it in an ice cave)
 21474 | IceCv    | Reached skill level 15 in Fighting
 21483 | IceCv    | Reached XP level 13. HP: 96/123 MP: 12/12
 21748 | Lair:4   | Noticed Josephine
 21891 | Lair:4   | Killed Josephine
 22577 | Lair:4   | Gained mutation: You are hated by all. [Ru sacrifice]
 22868 | Lair:4   | Identified a scroll of acquirement
 22941 | Lair:5   | Found a staircase to the Snake Pit.
 24961 | Lair:6   | Found a staircase to the Shoals.
 25761 | Lair:7   | Reached skill level 16 in Unarmed Combat
 26127 | Lair:7   | Reached XP level 14. HP: 134/137 MP: 13/13
 26197 | Lair:7   | Found a sacrificial altar of Ru.
 26732 | Lair:8   | Entered Level 8 of the Lair of Beasts
 27887 | Lair:8   | Gained mutation: You are somewhat inexperienced (-2 XL). [Ru sacrifice]
 27887 | Lair:8   | Reached XP level 13. HP: 130/130 MP: 12/12
 27887 | Lair:8   | Reached XP level 12. HP: 124/124 MP: 11/11
 27887 | Lair:8   | Reached ***** piety under Ru
 27988 | Lair:8   | Noticed a great orb of eyes
 27995 | Lair:8   | Killed a great orb of eyes
 28047 | Lair:8   | Noticed an azure jelly
 28063 | Lair:8   | Killed an azure jelly
 28071 | Lair:8   | Noticed a death ooze
 28079 | Lair:8   | Killed a death ooze
 28204 | Lair:8   | Noticed an azure jelly
 28210 | Lair:8   | Killed an azure jelly
 28210 | Lair:8   | Reached skill level 17 in Unarmed Combat
 28215 | Lair:8   | Found a viscous altar of Jiyva.
 28392 | Lair:8   | Noticed a death ooze
 28397 | Lair:8   | Killed a death ooze
 28397 | Lair:8   | Reached XP level 13. HP: 123/129 MP: 12/12
 28743 | Lair:8   | Found a runed door.
 28744 | Lair:8   | Found a viscous altar of Jiyva.
 28744 | Lair:8   | Found a staircase to the Slime Pits.
 28744 | Lair:8   | Noticed an acid blob
 28744 | Lair:8   | Noticed an acid blob
 28755 | Lair:8   | Killed an acid blob
 28763 | Lair:8   | Annihilated by an acid blob

Vault maps used:
D:1:      zelgadis_glass_arrival_large
D:2:      grunt_qazlal_clouds, st_stairs_12
D:3:      grunt_dithmenos_smoke, led_sif_pool, serial_glass, glass_columns_c,
          glass_columns_c, glass_columns_a, gup_sewer_entry_spiral
D:4:      lemuel_upstairs_altar, first_bread, sigmund_edmund_badplayer
D:6:      makhleb_blood_cavern_becter, temple_fountains,
          minmay_misc_feat_square, minmay_misc_feat_nine_boxes, uniq_grinder
D:7:      grunt_ogre_cave
D:8:      old_standard_altar, grunt_temple_overflow_diamond,
          lemuel_doored_altar, johnstein_pakellas_dig, serial_shops,
          nicolae_shop_window_shopping
D:9:      elyvilon_altar_4, yredelemnul_altar_generic, kennysheep_little_box,
          serial_shops, nicolae_shop_stone
D:10:     lair_0_dummy
Temple:   corrupted_temple
Lair:1:   pond
Lair:2:   serial_bayou_pond_c, st_stairs_5
Lair:3:   basic_altar, serial_bayou_shore_b, wad_woods_river_01,
          lemuel_fruit_fields
Lair:4:   portal_ice_cave_entry_imps, minivault_27, roderic_carrion_pond,
          uniq_josephine
Lair:5:   minmay_snake_entry_guardpost_large
Lair:6:   minmay_shoals_entry_hut, dpeg_oklob_1
Lair:7:   basic_altar
Lair:8:   minmay_lair_end_enchanted_forest, slime_altar_2, special_room
IceCv:    ice_cave_tombish

Action                   |  1- 3 |  4- 6 |  7- 9 | 10-12 | 13-15 || total
-------------------------+-------+-------+-------+-------+-------++-------
Melee: Unarmed           |   109 |   207 |   350 |  1159 |   827 ||  2652
Invok: Reject Sacrifices |       |       |     1 |     1 |     1 ||     3
       Sacrifice a Hand  |       |       |       |     1 |       ||     1
       Sacrifice Arcana  |       |       |       |     1 |       ||     1
       Sacrifice Experie |       |       |       |     1 |       ||     1
       Power Leap        |       |       |       |       |     5 ||     5
       Draw Out Power    |       |       |       |       |     2 ||     2
       Sacrifice Love    |       |       |       |       |     1 ||     1
Evoke: Wand              |       |       |       |     4 |       ||     4
  Use: Scroll            |     1 |     9 |    10 |    13 |     6 ||    39
       Potion            |       |       |       |    13 |     5 ||    18
 Stab: Sleeping          |     2 |     2 |       |       |       ||     4
       Invisible         |       |       |       |     2 |    11 ||    13
       Distracted        |       |       |       |     1 |     6 ||     7
       Paralysed         |       |       |       |     1 |     1 ||     2
  Eat: Chunk             |     9 |    15 |    32 |   184 |   157 ||   397
